 Dungeon Crawl Stone Soup version 0.28.0-1-gb440e238dd (webtiles) character file.

Game seed: 14227881143901159467

28372 avis the Severer (level 13, -2/134 HPs)
             Began as a Hill Orc Monk on Feb 20, 2022.
             Was a High Priest of Beogh.
             Killed from afar by a merfolk aquamancer (25 damage)
             ... with a shard of ice
             ... on level 1 of the Shoals.
             The game lasted 01:50:01 (21384 turns).

avis the Severer (Hill Orc Monk)                   Turns: 21384, Time: 01:50:01

Health: -2/134     AC: 20    Str: 19    XL:     13   Next: 38%
Magic:  16/16      EV:  8    Int: 10    God:    Beogh [*****.]
Gold:   327        SH:  0    Dex: 19    Spells: 12/12 levels left

rFire   . . .      SeeInvis .   a - +0 battleaxe
rCold   . . .      Faith    .   (shield currently unavailable)
rNeg    . . .      Spirit   .   x - +4 chain mail
rPois   .          Reflect  .   C - +1 helmet
rElec   .          Harm     .   (no cloak)
rCorr   .          Rampage  .   c - +0 pair of gloves
Will    .....                   S - +0 pair of boots
Stlth   ..........              (no amulet)
HPRegen 0.32/turn               e - +4 ring of protection
MPRegen 0.15/turn               y - +6 ring of dexterity

@: mesmerised
A: walk on water
a: Renounce Religion, Smiting, Recall Orcish Followers, Give Item to Named
Follower


You were on level 1 of the Shoals.
You worshipped Beogh.
Beogh was extremely pleased with you.
You visited 4 branches of the dungeon, and saw 15 of its levels.
You also visited: Ossuary.

You collected 692 gold pieces.
You spent 365 gold pieces at shops.

Inventory:

Hand Weapons
 a - a +0 battleaxe (weapon)
 b - a +3 mace of protection
Missiles
 p - 2 throwing nets (quivered)
 w - 22 arrows
 D - 6 datura-tipped darts
 N - 15 stones
 P - 18 sling bullets
Armour
 c - a +0 pair of gloves (worn)
 x - a +4 chain mail (worn)
 z - a +0 robe of willpower
 C - a +1 helmet (worn)
 R - an orb of wrath
 S - a +0 pair of boots (worn)
Jewellery
 e - a +4 ring of protection (left hand)
 m - a ring of protection from cold
 y - a +6 ring of dexterity (right hand)
 A - a ring of willpower
 L - a ring of protection from fire
 U - a ring of flight
Wands
 f - a wand of mindburst (14)
 j - a wand of iceblast (10)
 v - a wand of charming (4)
 W - a wand of acid (5)
Scrolls
 g - 4 scrolls of magic mapping {unknown}
 i - 3 scrolls of fear {unknown}
 l - 2 scrolls of enchant armour {unknown}
 n - 2 scrolls of enchant weapon {unknown}
 q - a scroll of silence {unknown}
 t - a scroll of vulnerability {unknown}
 E - 2 scrolls of amnesia {unknown}
 F - 6 scrolls of teleportation
 I - a scroll of holy word {unknown}
 J - 2 scrolls of immolation {unknown}
 Q - 3 scrolls of blinking
 T - 3 scrolls of fog {unknown}
 V - a scroll of brand weapon {unknown}
Potions
 d - 3 potions of cancellation
 h - 3 potions of might
 k - a potion of lignification
 o - a potion of brilliance
 s - 3 potions of invisibility
 u - 3 potions of ambrosia
 B - 9 potions of curing
 H - a potion of resistance {unknown}
 K - 4 potions of flight
 M - 4 potions of haste
Miscellaneous
 r - a piece from Xom's chessboard (15/15)
 O - a box of beasts


   Skills:
 - Level 18.0 Fighting
 - Level 20.0 Axes
 * Level 1.0 Armour
 - Level 2.4 Dodging
 - Level 1.5 Stealth
 - Level 4.0 Shields
 - Level 5.0 Invocations


You had 12 spell levels left.
You didn't know any spells.
Your spell library contained the following spells:

 Spells                   Type           Power      Damage    Failure   Level
 Animate Skeleton         Necr           0%         N/A       99%         1
 Apportation              Tloc           0%         N/A       99%         1
 Beastly Appendage        Tmut           0%         N/A       99%         1
 Slow                     Hex            0%         N/A       99%         1
 Summon Small Mammal      Summ           0%         N/A       99%         1
 Ensorcelled Hibernation  Hex/Ice        0%         N/A       100%        2
 Passwall                 Tmut/Erth      0%         N/A       100%        2
 Wereblood                Tmut           0%         N/A       100%        2
 Confusing Touch          Hex            0%         N/A       100%        3
 Frozen Ramparts          Ice            0%         1d2       100%        3
 Inner Flame              Hex/Fire       0%         N/A       100%        3
 Spider Form              Tmut/Pois      0%         N/A       100%        3
 Swiftness                Air            0%         N/A       100%        3
 Vampiric Draining        Necr           0%         2d6       100%        3
 Cause Fear               Hex            0%         N/A       100%        4
 Ice Form                 Ice/Tmut       0%         N/A       100%        4
 Summon Ice Beast         Ice/Summ       0%         N/A       100%        4
 Summon Lightning Spire   Summ/Air       0%         N/A       100%        4
 Storm Form               Tmut/Air       0%         N/A       100%        7
 Discord                  Hex            0%         N/A       100%        8
 Maxwell's Capacitive Co  Air            0%         ∞         100%        8


Dungeon Overview and Level Annotations

Branches:
Dungeon (9/15)             Temple (1/1) D:6            Lair (4/6) D:9
 Shoals (1/4) Lair:2        Snake (0/4) Lair:2          Orc (0/2) D:9
Ossuary (visited)

Altars:
Ashenzari
Cheibriados
Dithmenos
Elyvilon
Fedhas
Gozag
Hepliaklqana
Kikubaaqudgha
Makhleb
Nemelex Xobeh
Okawaru
Qazlal
Ru
Sif Muna
Trog
Uskayaw
Vehumet
Wu Jian
Xom
Yredelemnul
Zin
The Shining One

Shops:
D:4 [   D:6 *   D:8 !*

Portals:
Abyss: D:5

Annotations:
D:5 2 transporters, bromine's ghost, novice TrBe
Lair:4 2 transporters, Kyusiynim's ghost, journeyman GnEn


Message History

Your lungs strain for air!
Margrim barely misses the faun.
The merfolk siren hits you but does no damage.
The merfolk aquamancer hits you but does no damage.
The water elemental barely misses you. The merfolk barely misses you.
The faun barely misses you.
You hit the water elemental.
The water elemental is almost destroyed.
You slash the faun! You hit the faun. You hit the merfolk aquamancer.
* * * LOW HITPOINT WARNING * * *
Your lungs strain for air!
The faun hits you with a +0 quarterstaff!
* * * LOW HITPOINT WARNING * * *
Margrim hits the faun with a +0 battleaxe!!!
The faun dies!
Beogh accepts your kill.
You hear a splash. x3
The merfolk aquamancer hits you but does no damage.
The merfolk siren chants its luring song.
Training target 18.0 for Fighting reached!
Your Fighting skill increases to level 18!
You need to enable at least one skill for training.
Your Armour skill increases to level 1!
You feel much better.
Your lungs strain for air!
The water elemental hits you. The merfolk completely misses you.
The faun hits you with a +0 spear!
* * * LOW HITPOINT WARNING * * *
The merfolk aquamancer hits you with a +2 rapier of speed.
* * * LOW HITPOINT WARNING * * *
The merfolk siren chants its luring song.
You slice the water elemental!!
You destroy the water elemental!
Beogh accepts your kill.
You gasp with relief as air once again reaches your lungs.
You hit the faun.
You closely miss the merfolk aquamancer.
The merfolk aquamancer gestures at you while chanting.
The shard of ice hits you!!
You die...

≈.≈..≈≈.. ... .≈/....$# ....
≈ ≈≈≈.≈..###...# ≈≈.
...≈≈........
≈≈≈..##..≈.≈≈≈..#
.≈≈..#..≈mE.m..###
........≈cm≈≈≈....
≈≈≈≈≈≈...≈≈...≈)@o≈≈..#
.≈≈≈≈.....≈....≈≈≈≈...#
≈≈≈≈..≈≈.............##
≈≈≈≈≈≈≈≈≈≈≈.........##
≈≈≈≈≈≈≈≈≈≈≈P..###....#
≈≈≈≈≈≈≈≈≈≈P...# ....#
≈≈≈≈≈≈≈≈≈≈≈≈.)# #≈≈..#
..≈≈≈≈≈≈≈≈≈≈≈.##.≈≈....
...≈≈≈≈≈≈≈≈≈≈≈....≈≈....≈≈##.


You could see a merfolk aquamancer, a merfolk, a faun, a water elemental, a
merfolk siren (mesmerising) and the friendly Margrim the orc warlord.

Vanquished Creatures
  A hydra (Lair:1)
  A boulder beetle (Lair:2)
  2 catoblepae
  2 two-headed ogres (D:7)
  A sea snake (Shoals:1)
  4 elephants
  A black mamba (Lair:4)
  A torpor snail (Lair:2)
  An unseen horror (D:9)
  A rime drake (Lair:4)
  3 cane toads
  5 komodo dragons
  3 merfolk
  3 wyverns
  A water elemental (Shoals:1)
  34 yaks
  A wraith (D:9)
  2 steam dragons
  A naga (Lair:2)
  6 water moccasins
  A necrophage (D:4)
  2 orc warriors
  An ice beast (D:6)
  A black bear (D:5)
  13 wolves
  3 centaurs
  A phantom (D:5)
  3 kobold brigands
  Blork the orc (D:6)
  4 bullfrogs
  4 gnoll sergeants (D:8)
  2 water moccasin skeletons (D:4)
  7 wights
  An electric eel (Lair:3)
  6 centaur zombies
  4 orc priests
  A gnoll shaman (D:8)
  6 hounds
  A centaur skeleton (D:4)
  3 orc wizards
  3 hound zombies (Ossuary)
  A hound skeleton (D:4)
  3 mummies (Ossuary)
  2 howler monkey zombies
  16 gnolls
  A howler monkey skeleton (D:6)
  5 adders
  6 adder zombies (Ossuary)
  5 dart slugs
  15 orcs
  5 bats
  2 endoplasms (D:1)
  2 giant cockroaches
  A gnoll zombie (Ossuary)
  6 goblins
  2 hobgoblins
  7 jackals
  19 kobolds
  4 quokkas
  5 ball pythons
  2 frilled lizards
  3 goblin zombies (Ossuary)
  2 hobgoblin zombies (Ossuary)
  4 jackal zombies (Ossuary)
  2 kobold zombies (Ossuary)
  6 quokka zombies (Ossuary)
  3 rats
  5 rat zombies (Ossuary)
276 creatures vanquished.

Vanquished Creatures (collateral kills)
  A merfolk impaler (Shoals:1)
  A boulder beetle (Lair:2)
  2 hydras
  A two-headed ogre (D:9)
  2 fauns (Shoals:1)
  5 elephants
  4 cane toads
  A black mamba (Lair:1)
  A water nymph (Shoals:1)
  4 rime drakes
  2 komodo dragons
  2 wyverns (Lair:2)
  A water elemental (Shoals:1)
  A wraith (D:9)
  13 yaks
  A basilisk (Lair:4)
  10 water moccasins
  5 nagas (Lair:2)
  An orc warrior (D:9)
  15 wolves
  4 bullfrogs
77 creatures vanquished.

Vanquished Creatures (others)
  6 orcs
  14 fungi
  52 plants
72 creatures vanquished.

Grand Total: 425 creatures vanquished

Notes
Turn   | Place    | Note
-------+----------+-------------------------------------------
     0 | D:1      | avis the Hill Orc Monk began the quest for the Orb.
     0 | D:1      | Reached XP level 1. HP: 19/19 MP: 1/1
   189 | D:1      | Reached XP level 2. HP: 26/27 MP: 2/2
   289 | D:1      | Found a faded altar of an unknown god.
   439 | D:1      | Reached skill level 5 in Axes
   541 | D:1      | Reached XP level 3. HP: 31/33 MP: 3/3
  2209 | D:3      | Reached skill level 5 in Fighting
  2511 | D:3      | Reached XP level 4. HP: 42/42 MP: 4/4
  2917 | D:3      | Found a broken altar of Ashenzari.
  3203 | D:4      | Reached skill level 6 in Axes
  3203 | D:4      | Reached XP level 5. HP: 34/48 MP: 5/5
  3597 | D:4      | Noticed a necrophage
  3614 | D:4      | Killed a necrophage
  3615 | D:4      | Reached skill level 7 in Axes
  3730 | D:4      | Found Esota's Antique Armour Shop.
  3735 | D:4      | Bought a glowing helmet for 157 gold pieces
  3779 | D:4      | Reached XP level 6. HP: 57/57 MP: 6/6
  4257 | D:5      | Entered Level 5 of the Dungeon
  4272 | D:5      | Noticed a small abomination
  4319 | D:5      | Noticed a black bear
  4334 | D:5      | Killed a black bear
  4335 | D:5      | Reached skill level 8 in Axes
  4357 | D:5      | Reached XP level 7. HP: 49/64 MP: 7/7
  4471 | D:5      | Found a sand-covered staircase.
  4475 | Ossuary  | Entered an ossuary
  4744 | Ossuary  | Reached skill level 9 in Axes
  5203 | D:5      | Reached XP level 8. HP: 71/74 MP: 8/8
  5297 | D:5      | Noticed a small abomination
  5313 | D:5      | Found a transporter.
  5333 | D:5      | Found a transporter.
  5378 | D:5      | Found a one-way gate to the infinite horrors of the Abyss.
  5378 | D:5      | Noticed bromine's ghost (novice TrBe)
  5638 | D:6      | Reached skill level 10 in Axes
  5643 | D:6      | Found Gyets's Assorted Antiques.
  5814 | D:6      | You fall into a shaft and drop 2 floors!
  6137 | D:8      | Found Nigu's Distillery.
  6146 | D:8      | Bought a potion of curing for 39 gold pieces
  6146 | D:8      | Bought a potion of attraction for 39 gold pieces
  6187 | D:8      | Found Lokifagu's Assorted Antiques.
  6283 | D:8      | Noticed a yak
  6304 | D:8      | Killed a yak
  6307 | D:8      | Noticed a yak
  6307 | D:8      | Noticed a yak
  6308 | D:8      | Noticed a yak
  6337 | D:8      | Killed a yak
  6338 | D:8      | Reached skill level 11 in Axes
  6346 | D:8      | Killed a yak
  6347 | D:8      | Reached skill level 10 in Fighting
  6354 | D:8      | Killed a yak
  6355 | D:8      | Reached XP level 9. HP: 33/85 MP: 9/9
  6821 | D:8      | Reached skill level 12 in Axes
  7417 | D:8      | Reached skill level 13 in Axes
  7804 | D:6      | Became a worshipper of Beogh the Brigand
  7804 | D:6      | Reached * piety under Beogh
  7804 | D:6      | Reached ** piety under Beogh
  8007 | D:6      | Found a staircase to the Ecumenical Temple.
  8018 | Temple   | Entered the Ecumenical Temple
  8202 | D:6      | Noticed Blork the orc
  8207 | D:6      | Killed Blork the orc
  8268 | D:6      | Reached skill level 1 in Shields
  8873 | D:7      | Reached XP level 10. HP: 68/97 MP: 10/10
  9174 | D:7      | Noticed a two-headed ogre
  9201 | D:7      | Killed a two-headed ogre
  9289 | D:7      | Reached skill level 5 in Invocations
  9464 | D:7      | Noticed a two-headed ogre
  9473 | D:7      | Killed a two-headed ogre
 10739 | D:8      | Bought a potion of haste for 130 gold pieces
 10772 | D:8      | Reached skill level 14 in Axes
 11045 | D:8      | Found a white marble altar of Elyvilon.
 11045 | D:8      | Found a radiant altar of Vehumet.
 11052 | D:8      | Found a shimmering altar of Xom.
 11054 | D:8      | Found a hide-covered altar of Uskayaw.
 11056 | D:8      | Found a basalt altar of Yredelemnul.
 11820 | D:9      | Found a staircase to the Orcish Mines.
 11887 | D:9      | Reached *** piety under Beogh
 12118 | D:9      | Killed an unseen horror
 12336 | D:9      | Found a staircase to the Lair.
 12701 | D:9      | Noticed a two-headed ogre
 12711 | D:9      | Killed a two-headed ogre
 12712 | D:9      | Reached skill level 15 in Axes
 12712 | D:9      | Reached XP level 11. HP: 107/107 MP: 14/14
 12800 | Lair:1   | Entered Level 1 of the Lair of Beasts
 13269 | Lair:1   | Noticed an eight-headed hydra
 13283 | Lair:1   | Killed an eight-headed hydra
 13284 | Lair:1   | Reached skill level 16 in Axes
 14343 | Lair:1   | Noticed a four-headed hydra
 14351 | Lair:1   | Killed a four-headed hydra
 14856 | Lair:2   | Reached skill level 17 in Axes
 15014 | Lair:2   | Noticed a catoblepas
 15048 | Lair:1   | Killed a catoblepas
 15181 | Lair:2   | Noticed a boulder beetle
 15198 | Lair:2   | Killed a boulder beetle
 15366 | Lair:2   | Found a staircase to the Snake Pit.
 15412 | Lair:2   | Reached skill level 15 in Fighting
 15712 | Lair:2   | Noticed a six-headed hydra
 15721 | Lair:2   | Killed a six-headed hydra
 15722 | Lair:2   | Reached XP level 12. HP: 73/119 MP: 12/15
 15929 | Lair:2   | Found a staircase to the Shoals.
 16333 | Lair:2   | Reached skill level 18 in Axes
 16648 | Lair:2   | Noticed a boulder beetle
 16692 | Lair:2   | Killed a boulder beetle
 17511 | Lair:3   | Reached **** piety under Beogh
 17648 | Lair:3   | Gained Margrim as an ally
 17879 | Lair:3   | Reached skill level 19 in Axes
 18049 | Lair:3   | Noticed a catoblepas
 18079 | Lair:3   | Killed a catoblepas
 18449 | Shoals:1 | Entered Level 1 of the Shoals
 19470 | Lair:3   | Reached XP level 13. HP: 103/132 MP: 16/16
 19834 | Lair:4   | Reached skill level 20 in Axes
 19906 | Lair:4   | Noticed Kyusiynim's ghost (journeyman GnEn)
 19907 | Lair:4   | Found a transporter.
 20024 | Lair:4   | Found a transporter.
 20161 | Lair:4   | Reached ***** piety under Beogh
 21362 | Shoals:1 | Noticed a merfolk impaler
 21372 | Shoals:1 | Killed a merfolk impaler
 21383 | Shoals:1 | Reached skill level 1 in Armour
 21384 | Shoals:1 | Killed from afar by a merfolk aquamancer

Illustrated notes

Levels and vault maps discovered:
D:1:      lemuel_arrival_lava_pool, layout_rooms,
          hellmonk_ecumenical_altar_zigzags
D:2:      layout_loops_corners, minmay_tetromino_s2
D:3:      layout_loops_ring, mainiacjoe_overflow_alcove_4
D:4:      layout_loops_corners, serial_shops, shop
D:5:      layout_basic, gammafunk_ghost_abyssal_escape,
          nicolae_ossuary_entry_plus
D:6:      layout_cave_pods, minmay_temple_entry_overgrown, serial_shops, shop,
          uniq_blork_the_orc
D:7:      layout_basic, water_maze_lemuel
D:8:      layout_cave_pools, chequers_temple_overflow_minitemple,
          serial_gnoll_camp, gnoll_camp_mini_shop, gnoll_camp_medium_02,
          gnoll_camp_mini_house, gnoll_camp_mini_hut, serial_shops,
          nicolae_lakefront_shop, hangedman_decor_opposing
D:9:      layout_long_grid, dpeg_oklobed_lair, david_orc_3
Temple:   nicolae_temple_elliptical
Lair:1:   layout_cave_pods
Lair:2:   layout_loops_ring, elwin_shoals_entry_rooms,
          minmay_snake_entry_guardpost_large, infiniplex_staircase_pool,
          grunt_megastairs_5
Lair:3:   layout_regular_city, serial_bayou_ford_a, nicolae_lair_grazing_beasts
          [nicolae_sub_lair_graze_edge, nicolae_sub_lair_graze_edge,
          nicolae_sub_lair_graze_edge, nicolae_sub_lair_graze_edge],
          lemuel_fruit_tree
Lair:4:   layout_long_grid, gammafunk_ghost_arena, wad_woods_road_05,
          grunt_megastairs_2
Shoals:1: cheibrodos_shoals_roost, layout_shoals, uniq_kirke

Skill      XL: |  1  2  3  4  5  6  7  8  9 10 11 12 13 |
---------------+----------------------------------------+-----
Fighting       | 4 5 6 8 10 12 13 15 17 18 | 18.0
Axes           | 5 6 7 8 9 11 13 15 17 19 20 | 20.0
Shields        | 2 4 |  4.0
Invocations    | 5 |  5.0
Armour         | 1 |  1.0
Dodging        | |  2.4
Stealth        | |  1.5

Action                   |  1- 3 |  4- 6 |  7- 9 | 10-12 | 13-15 || total
-------------------------+-------+-------+-------+-------+-------++-------
Melee: Hand axe          |   145 |   117 |   440 |   235 |       ||   937
       Punch             |     3 |     1 |     9 |       |       ||    13
       War axe           |       |       |    14 |       |       ||    14
       Mace              |       |       |       |   101 |       ||   101
       Battleaxe         |       |       |       |   217 |   152 ||   369
 Fire: Hunting sling     |       |    29 |    71 |       |       ||   100
Throw: Dart              |       |       |       |    18 |       ||    18
       Boomerang         |       |       |       |    12 |       ||    12
Invok: Convert to Beogh  |       |       |     1 |       |       ||     1
       Smiting           |       |       |       |     4 |       ||     4
       Recall Orcish Fol |       |       |       |     1 |       ||     1
  Use: Scroll            |       |       |     7 |     3 |       ||    10
       Potion            |       |       |       |     1 |     2 ||     3
 Stab: Distracted        |       |       |       |     9 |     1 ||    10
Armor: Ring mail         |    47 |       |       |       |       ||    47
       Chain mail        |    37 |    87 |   242 |   339 |    58 ||   763
Dodge: Dodged            |    80 |    46 |   153 |   171 |    38 ||   488
Block: Buckler           |       |       |     3 |    68 |       ||    71
